 Dungeon Crawl Stone Soup version 0.24.0-123-gd5b16e6ec5 (webtiles) character file.

Game seed: 5357102290968507807, levelgen mode: deterministic

50 Delamore the Chopper (level 3, -8/31 HPs)
             Began as a Hill Orc Fighter on Dec 28, 2019.
             Mangled by an iguana (9 damage)
             ... on level 2 of the Dungeon.
             The game lasted 00:01:19 (1175 turns).

Delamore the Chopper (Hill Orc Fighter)             Turns: 1175, Time: 00:01:20

Health: -8/31      AC: 11    Str: 19    XL:     3   Next: 79%
Magic:  3/3        EV:  3    Int:  8    God:
Gold:   58         SH:  9    Dex: 10    Spells: 2/2 levels left

rFire    . . .     SeeInvis .   a - +0 war axe
rCold    . . .     Gourm    .   c - +0 shield
rNeg     . . .     Faith    .   l - +0 plate armour
rPois    .         Spirit   .   (no helmet)
rElec    .         Reflect  .   (no cloak)
rCorr    .         Harm     .   (no gloves)
MR       .....                  (no boots)
Stlth    ..........             (no amulet)
HPRegen  0.10/turn              (no ring)
MPRegen  0.08/turn              (no ring)

@: no status effects
A: no striking features
a: no special abilities


You were on level 2 of the Dungeon.
You were not hungry.

You visited 1 branch of the dungeon, and saw 2 of its levels.

You collected 58 gold pieces.

Inventory:

Hand Weapons
 a - a +0 war axe (weapon)
Armour
 b - a +0 scale mail
 c - a +0 shield (worn)
 l - a +0 plate armour (worn)
Jewellery
 g - a +3 ring of intelligence
Wands
 t - a wand of flame (19)
Scrolls
 e - 3 scrolls of remove curse {unknown}
 h - a scroll of magic mapping {unknown}
 j - a scroll of teleportation {unknown}
 k - a scroll of blinking {unknown}
 p - 2 scrolls of identify {unknown}
 q - a scroll of fog {unknown}
Potions
 d - a potion of might
 i - 3 potions of berserk rage {unknown}
 m - a potion of flight {unknown}
 n - a potion of lignification {unknown}
 r - a potion of cancellation {unknown}
 s - a potion of degeneration {unknown}
Comestibles
 f - 7 rations


   Skills:
 - Level 3.6 Fighting
 + Level 5.3 Axes
 - Level 3.2 Armour
 - Level 3.2 Shields


You had 2 spell levels left.
You didn't know any spells.
Your spell library was empty.

Dungeon Overview and Level Annotations

Branches:
Dungeon (2/15)

Altars:


Message History

The iguana is moderately wounded.
The iguana bites you.
You barely miss the iguana.
The iguana is moderately wounded.
The iguana bites you!
* * * LOW HITPOINT WARNING * * *
You closely miss the iguana.
The iguana is moderately wounded.
The iguana bites you.
* * * LOW HITPOINT WARNING * * *
The iguana bites you but does no damage.
You aren't wearing any rings or amulets.
Evoke which item? (* to show all) (? for menu, Esc to quit)
Aiming: Throw Flame
Press: ? - help, Shift-Dir - straight line, f - iguana
Aim: an iguana (moderately wounded)
The puff of flame hits the iguana.
The iguana is heavily wounded.
The iguana bites you!
You die...

#####.#####
...†......# #####
.####.###.#####...#
####...##.........#
#.....#######...#
##...## ##.## ##.##
#.# #.# #.# #.# #@#
##'## #l# ##...##
(.. ##.....## ##.#.
##.......# ..#.#
#.........# ..# #
'.........'. ...
#.........##. ....
##.......##


You could see an iguana.

Vanquished Creatures
  An adder (D:2)
  A worm (D:2)
  A leopard gecko (D:1)
  9 goblins
  4 hobgoblins
  6 jackals
  2 kobolds
  A quokka (D:2)
  2 bats
  4 frilled lizards
  A rat (D:1)
32 creatures vanquished.

Notes
Turn   | Place    | Note
-------+----------+-------------------------------------------
     0 | D:1      | Delamore the Hill Orc Fighter began the quest for the Orb.
     0 | D:1      | Reached XP level 1. HP: 19/19 MP: 1/1
    66 | D:1      | Reached skill level 3 in Axes
   144 | D:1      | Reached XP level 2. HP: 24/26 MP: 2/2
   242 | D:1      | Reached skill level 4 in Axes
   751 | D:2      | Reached XP level 3. HP: 22/31 MP: 3/3
  1061 | D:2      | Reached skill level 5 in Axes
  1174 | D:2      | HP: 1/31 [iguana (1)]
  1175 | D:2      | Mangled by an iguana

Levels and vault maps discovered:
D:1:      lightli_arrival_quake, layout_basic
D:2:      layout_loops_corners, nicolae_tso_swordbearing_angel

Skill      XL: |  1  2  3 |
---------------+----------+-----
Axes           | 3 4 5 |  5.3
Fighting       | |  3.6
Armour         | |  3.2
Shields        | |  3.2

Action                   || total
-------------------------++-------
Melee: War axe           ||   132
Evoke: Wand              ||     1
  Eat: Chunk             ||     1
Armor: Scale mail        ||    23
       Plate armour      ||    54
Dodge: Dodged            ||    18
Block: Shield            ||    74
